[Event "Live Chess"]
[Site "Chess.com"]
[Date "2010.12.14"]
[Round "-"]
[White "Raja27Dev"]
[Black "hipposcottimus"]
[Result "0-1"]
[CurrentPosition "6k1/p2q2pp/8/P2r2p1/1n6/1Pr2R1P/1K2N1P1/R7 w - -"]
[Timezone "UTC"]
[ECO "C41"]
[ECOUrl "https://www.chess.com/openings/Philidor-Defense-3.Bc4"]
[UTCDate "2010.12.14"]
[UTCTime "11:12:53"]
[WhiteElo "1419"]
[BlackElo "1612"]
[TimeControl "60"]
[Termination "hipposcottimus won on time"]
[StartTime "11:12:53"]
[EndDate "2010.12.14"]
[EndTime "11:14:42"]
[Link "https://www.chess.com/game/live/77176194"]

1. e4 e5 2. Nf3 d6 3. Bc4 d5 4. exd5 Bd6 5. d3 e4 6. Ng5 b5 7. Bxb5+ Bd7 8. Bxd7+ Qxd7 9. dxe4 Nf6 10. b3 O-O 11. Bb2 Ng4 12. h3 Be5 13. Bxe5 Nxe5 14. f4 f6 15. fxe5 fxg5 16. Kd2 Rf4 17. Rf1 Rxe4 18. Nc3 Rxe5 19. a4 c6 20. a5 cxd5 21. Kc1 d4 22. Ne2 Rd5 23. Nf4 Rd6 24. Ne2 Rd5 25. c3 dxc3 26. Qc2 Nc6 27. Qxc3 Rc8 28. Rf3 Nb4 29. Kb2 Rxc3 0-1

[Event "Live Chess"]
[Site "Chess.com"]
[Date "2010.12.14"]
[Round "-"]
[White "hipposcottimus"]
[Black "Raja27Dev"]
[Result "1-0"]
[CurrentPosition "1Q6/5pkp/8/1K6/6r1/4b1P1/2R4P/8 b - -"]
[Timezone "UTC"]
[ECO "D02"]
[ECOUrl "https://www.chess.com/openings/Queens-Pawn-Opening-Zukertort-Variation"]
[UTCDate "2010.12.14"]
[UTCTime "11:10:43"]
[WhiteElo "1608"]
[BlackElo "1423"]
[TimeControl "60"]
[Termination "hipposcottimus won on time"]
[StartTime "11:10:43"]
[EndDate "2010.12.14"]
[EndTime "11:12:34"]
[Link "https://www.chess.com/game/live/77175711"]

1. Nf3 d5 2. d4 Nc6 3. Nc3 Bf5 4. e4 dxe4 5. Nh4 g6 6. Nxf5 gxf5 7. d5 Nb4 8. Bb5+ c6 9. a3 cxb5 10. axb4 e6 11. Nxb5 exd5 12. Nc3 a5 13. Ne2 axb4 14. Rxa8 Qxa8 15. Qxd5 Ne7 16. Qe5 Rg8 17. Nf4 Qa1 18. Kd2 b3 19. Nd5 Qa5+ 20. c3 Qxd5+ 21. Qxd5 Nxd5 22. c4 e3+ 23. fxe3 Nb4 24. g3 Bh6 25. Kc3 f4 26. Kxb3 fxe3 27. Kxb4 e2 28. Re1 Bxc1 29. Rxe2+ Kf8 30. Re1 b6 31. c5 Bxb2 32. cxb6 Rg4+ 33. Kb5 Bc3 34. Rc1 Bd2 35. Rc2 Be3 36. b7 Kg7 37. b8=Q 1-0

[Event "Live Chess"]
[Site "Chess.com"]
[Date "2010.12.14"]
[Round "-"]
[White "Raja27Dev"]
[Black "hipposcottimus"]
[Result "1-0"]
[CurrentPosition "8/K7/p7/P7/8/5k1p/7P/8 b - -"]
[Timezone "UTC"]
[ECO "D02"]
[ECOUrl "https://www.chess.com/openings/Queens-Pawn-Opening-Zukertort-Variation-2...c6"]
[UTCDate "2010.12.14"]
[UTCTime "11:08:06"]
[WhiteElo "1427"]
[BlackElo "1604"]
[TimeControl "60"]
[Termination "Raja27Dev won on time"]
[StartTime "11:08:06"]
[EndDate "2010.12.14"]
[EndTime "11:10:30"]
[Link "https://www.chess.com/game/live/77175195"]

1. d4 d5 2. Nf3 c6 3. Nc3 Nd7 4. Ng5 e6 5. e4 f6 6. Nf3 e5 7. exd5 e4 8. Nh4 cxd5 9. Nxd5 Be7 10. Bf4 Nb6 11. Nc7+ Kf7 12. Nxa8 Bd6 13. Bxd6 Qxd6 14. Nf5 Qc6 15. Qg4 Bxf5 16. Qf4 Nh6 17. f3 Nxa8 18. fxe4 Re8 19. d5 Rxe4+ 20. Qxe4 Bxe4 21. Kd2 Qxd5+ 22. Bd3 Nb6 23. c4 Bxg2 24. cxd5 Bxh1 25. Rxh1 Nxd5 26. Re1 Nf4 27. Bc4+ Nd5 28. Bxd5+ Kg6 29. Kd3 Nf5 30. Be4 h6 31. Bxf5+ Kxf5 32. Rf1+ Kg6 33. Rf3 Kh7 34. b4 g5 35. a4 Kg6 36. b5 g4 37. a5 gxf3 38. b6 a6 39. Ke3 Kg5 40. Kxf3 f5 41. Ke3 h5 42. Kd4 h4 43. Kc5 f4 44. Kd6 f3 45. Kc7 f2 46. Kxb7 f1=Q 47. Kb8 Qf8+ 48. Ka7 h3 49. b7 Kf4 50. b8=Q+ Qxb8+ 51. Kxb8 Kf3 52. Ka7 1-0

[Event "Live Chess"]
[Site "Chess.com"]
[Date "2010.12.14"]
[Round "-"]
[White "hipposcottimus"]
[Black "Raja27Dev"]
[Result "1-0"]
[CurrentPosition "r1bqkb1r/1p2pQpp/4P3/p1pPN3/3n4/2N5/PP3PPP/R1B2RK1 b - -"]
[Timezone "UTC"]
[ECO "D00"]
[ECOUrl "https://www.chess.com/openings/Queens-Pawn-Opening-1...d5-2.e3"]
[UTCDate "2010.12.14"]
[UTCTime "11:06:59"]
[WhiteElo "1615"]
[BlackElo "1414"]
[TimeControl "60"]
[Termination "hipposcottimus won by checkmate"]
[StartTime "11:06:59"]
[EndDate "2010.12.14"]
[EndTime "11:07:47"]
[Link "https://www.chess.com/game/live/77175015"]

1. e3 d5 2. d4 Nc6 3. c4 dxc4 4. Bxc4 Nb4 5. Bxf7+ Kxf7 6. Qb3+ Be6 7. Qxb4 a5 8. Qd2 Bf5 9. Nc3 c6 10. e4 Bg4 11. Nf3 Be6 12. O-O c5 13. d5 Bc8 14. e5 Ke8 15. e6 Nh6 16. Ne5 Nf5 17. Qf4 Nd4 18. Qf7# 1-0

[Event "Live Chess"]
[Site "Chess.com"]
[Date "2010.12.14"]
[Round "-"]
[White "Raja27Dev"]
[Black "hipposcottimus"]
[Result "0-1"]
[CurrentPosition "5rk1/5ppp/8/p7/P3B3/2p5/1q5r/2KR4 w - -"]
[Timezone "UTC"]
[ECO "C42"]
[ECOUrl "https://www.chess.com/openings/Petrovs-Defense-Classical-Stafford-Gambit"]
[UTCDate "2010.12.14"]
[UTCTime "11:05:17"]
[WhiteElo "1418"]
[BlackElo "1611"]
[TimeControl "60"]
[Termination "hipposcottimus won by checkmate"]
[StartTime "11:05:17"]
[EndDate "2010.12.14"]
[EndTime "11:06:44"]
[Link "https://www.chess.com/game/live/77174691"]

1. e4 e5 2. Nf3 Nc6 3. Nxe5 Nf6 4. Nxc6 dxc6 5. Qf3 Bg4 6. Bc4 Bxf3 7. gxf3 Be7 8. Nc3 O-O 9. b4 b5 10. Bb3 Nd7 11. a4 c5 12. bxc5 b4 13. Nb5 Bxc5 14. d3 Bxf2+ 15. Kxf2 Ne5 16. Bf4 Qf6 17. d4 Qxf4 18. dxe5 Qxe5 19. Nxc7 Qxc7 20. Rad1 Qc3 21. Rhg1 a5 22. Rd3 Qb2 23. Ke3 Qf6 24. f4 Qb6+ 25. Rd4 Rad8 26. Kd2 Rxd4+ 27. Kc1 Rxe4 28. Rd1 Rxf4 29. c3 Rf2 30. Bc2 Rxh2 31. Bd3 bxc3 32. Be4 Qb2# 0-1

[Event "Live Chess"]
[Site "Chess.com"]
[Date "2010.12.14"]
[Round "-"]
[White "hipposcottimus"]
[Black "Raja27Dev"]
[Result "1-0"]
[CurrentPosition "8/p7/5N1p/6p1/1p6/3k2P1/PP5P/7K b - -"]
[Timezone "UTC"]
[ECO "C42"]
[ECOUrl "https://www.chess.com/openings/Petrovs-Defense-Urusov-Lichtenhein-Defense"]
[UTCDate "2010.12.14"]
[UTCTime "11:02:45"]
[WhiteElo "1607"]
[BlackElo "1422"]
[TimeControl "60"]
[Termination "hipposcottimus won on time"]
[StartTime "11:02:45"]
[EndDate "2010.12.14"]
[EndTime "11:05:03"]
[Link "https://www.chess.com/game/live/77174166"]

1. e4 e5 2. Nf3 Nf6 3. Bc4 Nxe4 4. Nxe5 Bc5 5. Nxf7 Qe7 6. O-O d5 7. Bxd5 c6 8. Bb3 Be6 9. Bxe6 Qxe6 10. d3 Qxf7 11. dxe4 Qf6 12. Re1 O-O 13. Be3 Bxe3 14. fxe3 Nd7 15. Nc3 Nc5 16. e5 Qxe5 17. Rf1 Qxe3+ 18. Kh1 Rxf1+ 19. Qxf1 h6 20. Qc4+ Kh7 21. Rf1 Qd2 22. Qf4 Qxc2 23. Qf5+ g6 24. Qxc2 b6 25. Rf7+ Kg8 26. Rc7 Ne4 27. Rxc6 Nf6 28. Rc7 Ne4 29. Rc4 Nf2+ 30. Qxf2 Rf8 31. Qxf8+ Kxf8 32. Rf4+ Ke7 33. Rc4 Kd6 34. Rd4+ Kc5 35. Rg4 b5 36. Rg3 b4 37. Ne4+ Kd4 38. Nf6 g5 39. Rd3+ Kxd3 40. g3 1-0

[Event "Live Chess"]
[Site "Chess.com"]
[Date "2010.12.14"]
[Round "-"]
[White "Raja27Dev"]
[Black "hipposcottimus"]
[Result "0-1"]
[CurrentPosition "4r1k1/5ppp/1p3n2/8/8/3N1P2/2r1q2P/1R2K2R w K -"]
[Timezone "UTC"]
[ECO "C55"]
[ECOUrl "https://www.chess.com/openings/Italian-Game-Two-Knights-Modern-Bishops-Opening-4...d5-5.exd5"]
[UTCDate "2010.12.14"]
[UTCTime "11:00:52"]
[WhiteElo "1426"]
[BlackElo "1603"]
[TimeControl "60"]
[Termination "hipposcottimus won by checkmate"]
[StartTime "11:00:52"]
[EndDate "2010.12.14"]
[EndTime "11:02:26"]
[Link "https://www.chess.com/game/live/77173808"]

1. e4 e5 2. Nf3 Nc6 3. Bc4 Nf6 4. d3 d5 5. exd5 Na5 6. Ng5 Nxc4 7. dxc4 e4 8. d6 Bxd6 9. Bd2 O-O 10. Nc3 Bg4 11. f3 exf3 12. gxf3 Bh5 13. Nh3 Re8+ 14. Ne2 Bg6 15. b4 Qe7 16. c5 Be5 17. Rb1 b6 18. cxb6 cxb6 19. b5 a6 20. Bb4 Qe6 21. bxa6 Rxa6 22. Bd6 Rxa2 23. Bxe5 Qxe5 24. Nf2 Bxc2 25. Qxc2 Rxc2 26. Nd3 Qxe2# 0-1

[Event "Live Chess"]
[Site "Chess.com"]
[Date "2010.12.14"]
[Round "-"]
[White "hipposcottimus"]
[Black "Raja27Dev"]
[Result "0-1"]
[CurrentPosition "5rk1/2r1pp1p/2R3p1/1B1q4/P7/4Bb2/5RPP/3Q1K2 w - -"]
[Timezone "UTC"]
[ECO "B01"]
[ECOUrl "https://www.chess.com/openings/Scandinavian-Defense-2.exd5"]
[UTCDate "2010.12.14"]
[UTCTime "10:58:38"]
[WhiteElo "1599"]
[BlackElo "1430"]
[TimeControl "60"]
[Termination "Raja27Dev won on time"]
[StartTime "10:58:38"]
[EndDate "2010.12.14"]
[EndTime "11:00:40"]
[Link "https://www.chess.com/game/live/77173308"]

1. e4 d5 2. exd5 Nc6 3. dxc6 bxc6 4. Nc3 Bf5 5. d3 Nf6 6. Nf3 Nd5 7. Be2 Nxc3 8. bxc3 g6 9. O-O Bg7 10. d4 c5 11. Be3 cxd4 12. cxd4 c5 13. c3 cxd4 14. cxd4 Qa5 15. Bd2 Qa3 16. Bc1 Qc3 17. Bd2 Qc6 18. Rb1 O-O 19. Bb5 Qd5 20. a4 a6 21. Be2 Rac8 22. Rb6 Bxd4 23. Rxa6 Bxf2+ 24. Rxf2 Qc5 25. Kf1 Rc7 26. Bb5 Bg4 27. Rc6 Qd5 28. Be3 Bxf3 0-1

[Event "Live Chess"]
[Site "Chess.com"]
[Date "2010.12.14"]
[Round "-"]
[White "Raja27Dev"]
[Black "hipposcottimus"]
[Result "0-1"]
[CurrentPosition "6Q1/8/2P5/8/1K4R1/1P2kp2/P6P/2q5 w - -"]
[Timezone "UTC"]
[ECO "C55"]
[ECOUrl "https://www.chess.com/openings/Italian-Game-Two-Knights-Modern-Bishops-Opening-4...d5-5.exd5-Nxd5"]
[UTCDate "2010.12.14"]
[UTCTime "10:55:52"]
[WhiteElo "1417"]
[BlackElo "1610"]
[TimeControl "60"]
[Termination "hipposcottimus won on time"]
[StartTime "10:55:52"]
[EndDate "2010.12.14"]
[EndTime "10:58:03"]
[Link "https://www.chess.com/game/live/77172787"]

1. e4 e5 2. Nf3 Nc6 3. Bc4 Nf6 4. d3 d5 5. exd5 Nxd5 6. Bxd5 Qxd5 7. Ng5 Bc5 8. Qf3 e4 9. dxe4 Bb4+ 10. c3 Nd4 11. exd5 Nxf3+ 12. gxf3 Be7 13. Ne4 O-O 14. Bf4 f5 15. Ned2 Re8 16. Bxc7 Bd6+ 17. Kd1 Bxc7 18. Nb3 Bd7 19. Nc5 Bb5 20. Nxb7 Rab8 21. Nc5 Bb6 22. Nd7 Rb7 23. Nxb6 Rxb6 24. Nd2 Bd3 25. Kc1 Bc4 26. b3 Ba6 27. c4 Bb7 28. Ne4 Rf6 29. Nxf6+ gxf6 30. f4 Kf7 31. Kb2 Kg6 32. Ka3 Kh5 33. Rhe1 Kg4 34. Rxe8 Kxf4 35. Rh8 Kf3 36. Rxh7 Kxf2 37. Rxb7 f4 38. Rxa7 f3 39. d6 Kg2 40. d7 f2 41. d8=Q f1=Q 42. c5 Qxa1 43. c6 Qc1+ 44. Kb4 f5 45. Qh8 f4 46. Qg8+ Kf3 47. Rg7 Ke3 48. Rg4 f3 0-1

[Event "Live Chess"]
[Site "Chess.com"]
[Date "2010.12.14"]
[Round "-"]
[White "lantink"]
[Black "hipposcottimus"]
[Result "1-0"]
[CurrentPosition "8/8/8/1N6/1P6/1kPKBP2/3R4/8 b - -"]
[Timezone "UTC"]
[ECO "C20"]
[ECOUrl "https://www.chess.com/openings/Kings-Pawn-Opening-Napoleon-Attack"]
[UTCDate "2010.12.14"]
[UTCTime "10:52:22"]
[WhiteElo "1948"]
[BlackElo "1606"]
[TimeControl "60"]
[Termination "lantink won on time"]
[StartTime "10:52:22"]
[EndDate "2010.12.14"]
[EndTime "10:54:45"]
[Link "https://www.chess.com/game/live/77172054"]

1. e4 e5 2. Qf3 Nc6 3. d3 Nd4 4. Qd1 d6 5. c3 Nc6 6. Qf3 f5 7. h3 Nf6 8. exf5 Be7 9. g4 O-O 10. Bd2 d5 11. Na3 e4 12. dxe4 dxe4 13. Qf4 Bd6 14. Qe3 Ne5 15. Nb5 c6 16. Nxd6 Qxd6 17. a4 b5 18. axb5 cxb5 19. Bxb5 Nc4 20. Bxc4+ Kh8 21. h4 Rb8 22. g5 Ng4 23. Qg3 Ne5 24. Bf4 Nd3+ 25. Bxd3 Qxd3 26. Qxd3 exd3 27. Bxb8 Ba6 28. Bf4 Bb7 29. Kd2 Rd8 30. Rh2 Be4 31. Nh3 Bxf5 32. Rf1 h6 33. f3 Bg6 34. gxh6 gxh6 35. h5 Kh7 36. Be3 Bxh5 37. Nf4 Be8 38. Ne6 Rd6 39. Ng5+ Kg8 40. Ne4 Kf7 41. b4 Rd7 42. Rxh6 Ke7 43. Rh7+ Kd8 44. Rh5 Rc7 45. Rh4 Rb7 46. Rh6 Rb6 47. Rxb6 axb6 48. Nf6 Kc7 49. Nxe8+ Kc6 50. Nf6 Kb5 51. Ne4 Ka4 52. Kxd3 Kb3 53. Ra1 Kb2 54. Rd1 Ka3 55. Rd2 b5 56. Nd6 Kb3 57. Nxb5 1-0

[Event "Live Chess"]
[Site "Chess.com"]
[Date "2010.12.14"]
[Round "-"]
[White "hipposcottimus"]
[Black "lantink"]
[Result "0-1"]
[CurrentPosition "8/8/1k2q2p/1ppp4/8/5PPK/5R1P/8 w - -"]
[Timezone "UTC"]
[ECO "C40"]
[ECOUrl "https://www.chess.com/openings/Kings-Pawn-Opening-Kings-Knight-McConnell-Defense-3.Bc4"]
[UTCDate "2010.12.14"]
[UTCTime "10:49:30"]
[WhiteElo "1608"]
[BlackElo "1923"]
[TimeControl "60"]
[Termination "lantink won on time"]
[StartTime "10:49:30"]
[EndDate "2010.12.14"]
[EndTime "10:51:41"]
[Link "https://www.chess.com/game/live/77171533"]

1. e4 e5 2. Nf3 Qf6 3. Bc4 h6 4. Nc3 c6 5. Bxf7+ Qxf7 6. d4 exd4 7. Nxd4 Qf6 8. Nf5 d6 9. O-O Bxf5 10. exf5 Qxf5 11. Re1+ Kd7 12. Qe2 Na6 13. Be3 Nf6 14. Qd2 Re8 15. Bxa7 Nb4 16. a3 Nxc2 17. Rxe8 Nxe8 18. Rc1 Qg5 19. Qxc2 Be7 20. Re1 Rf8 21. Qe2 Rf7 22. Be3 Qa5 23. Ne4 d5 24. Nc5+ Bxc5 25. Bxc5 Qxc5 26. Qxe8+ Kc7 27. Qxf7+ Kb6 28. Qf3 Qb5 29. b4 Ka6 30. Rb1 Qa4 31. Qe2+ b5 32. Qe7 Kb6 33. Re1 Qa7 34. Qxg7 Qxg7 35. f3 Qb2 36. Rf1 Qxa3 37. Rf2 Qxb4 38. Rf1 Qb3 39. Kf2 Qb4 40. Kg3 Qc5 41. Rf2 Qd6+ 42. Kh3 c5 43. g3 Qe6+ 0-1

[Event "Live Chess"]
[Site "Chess.com"]
[Date "2010.12.14"]
[Round "-"]
[White "lantink"]
[Black "hipposcottimus"]
[Result "1-0"]
[CurrentPosition "4r1k1/p6p/1p4pP/2p2b2/8/2q2BB1/5PRK/8 b - -"]
[Timezone "UTC"]
[ECO "C20"]
[ECOUrl "https://www.chess.com/openings/Kings-Pawn-Opening-Napoleon-Attack"]
[UTCDate "2010.12.14"]
[UTCTime "10:46:45"]
[WhiteElo "1890"]
[BlackElo "1611"]
[TimeControl "60"]
[Termination "lantink won on time"]
[StartTime "10:46:45"]
[EndDate "2010.12.14"]
[EndTime "10:48:59"]
[Link "https://www.chess.com/game/live/77171030"]

1. e4 e5 2. Qf3 Nc6 3. d3 Nd4 4. Qd1 f5 5. c3 Ne6 6. exf5 Nc5 7. Qf3 Nf6 8. Nh3 d6 9. Be2 Be7 10. Ng5 O-O 11. g4 e4 12. dxe4 Ncxe4 13. Nxe4 d5 14. Nxf6+ Bxf6 15. Qh3 Re8 16. Rg1 Qe7 17. Qf3 b6 18. Na3 Bb7 19. Nb5 d4 20. Qd3 c6 21. Nxd4 Rad8 22. Be3 c5 23. Nc6 Bxc6 24. Qc2 Qe6 25. Rd1 Qe7 26. Rxd8 Rxd8 27. Qb3+ Kh8 28. Qc2 Be4 29. Qb3 Re8 30. g5 Bxf5 31. gxf6 Qxf6 32. Qc2 Qh6 33. h4 Qe6 34. h5 Bxc2 35. h6 Qxa2 36. Kf1 Kg8 37. Kg2 g6 38. Bf3 Qxb2 39. Kh2 Bd3 40. Rg2 Qxc3 41. Bf4 Bf5 42. Bg3 1-0

[Event "Live Chess"]
[Site "Chess.com"]
[Date "2010.12.14"]
[Round "-"]
[White "hipposcottimus"]
[Black "lantink"]
[Result "0-1"]
[CurrentPosition "4k3/1p2bp2/2p4p/3q2p1/6Q1/4B1P1/P4PKP/3r4 w - -"]
[Timezone "UTC"]
[ECO "C40"]
[ECOUrl "https://www.chess.com/openings/Kings-Pawn-Opening-Kings-Knight-McConnell-Defense"]
[UTCDate "2010.12.14"]
[UTCTime "10:44:17"]
[WhiteElo "1614"]
[BlackElo "1847"]
[TimeControl "60"]
[Termination "lantink won on time"]
[StartTime "10:44:17"]
[EndDate "2010.12.14"]
[EndTime "10:46:21"]
[Link "https://www.chess.com/game/live/77170539"]

1. e4 e5 2. Nf3 Qf6 3. Nc3 c6 4. d3 h6 5. d4 d6 6. dxe5 dxe5 7. Bc4 Bd6 8. Bb3 Bd7 9. Be3 Na6 10. O-O Rd8 11. Nd2 Qg6 12. Nc4 Be7 13. Nxe5 Qf6 14. Nxd7 Rxd7 15. Qe2 Qg6 16. Qf3 Nb4 17. e5 Nxc2 18. Bxc2 Qxc2 19. Ne4 Qxb2 20. Rab1 Qxe5 21. Rbd1 Qf6 22. Rxd7 Kxd7 23. Rd1+ Ke8 24. Nc5 g6 25. Nd7 Qe6 26. Bxa7 Nf6 27. Bb6 Nxd7 28. Rxd7 Qxd7 29. Qe2 g5 30. Qf1 Rg8 31. g3 Rg6 32. Kg2 Rd6 33. Be3 Rd1 34. Qe2 Qd5+ 35. Qf3 Qd6 36. Qg4 Qd5+ 0-1

[Event "Live Chess"]
[Site "Chess.com"]
[Date "2010.12.14"]
[Round "-"]
[White "lantink"]
[Black "hipposcottimus"]
[Result "1-0"]
[CurrentPosition "6k1/ppp3np/7p/4r3/P3p3/2P2r1P/1P2K1RP/6R1 b - -"]
[Timezone "UTC"]
[ECO "C20"]
[ECOUrl "https://www.chess.com/openings/Kings-Pawn-Opening-Napoleon-Attack"]
[UTCDate "2010.12.14"]
[UTCTime "10:41:49"]
[WhiteElo "1783"]
[BlackElo "1618"]
[TimeControl "60"]
[Termination "lantink won on time"]
[StartTime "10:41:49"]
[EndDate "2010.12.14"]
[EndTime "10:43:53"]
[Link "https://www.chess.com/game/live/77170035"]

1. e4 e5 2. Qf3 Nc6 3. d3 Nd4 4. Qd1 d5 5. exd5 Qxd5 6. c3 Nc6 7. Qf3 e4 8. dxe4 Qe5 9. Bd3 Bd6 10. Na3 Nf6 11. Nc4 Qc5 12. Nxd6+ Qxd6 13. Nh3 O-O 14. O-O Re8 15. Re1 Bxh3 16. gxh3 Re5 17. Qg3 Nh5 18. Qf3 Qg6+ 19. Kf1 Rf8 20. a4 Ne7 21. Ke2 Qh6 22. Bxh6 gxh6 23. Rg1+ Ng7 24. Qf6 Ng6 25. f4 Nh5 26. Qe7 Nxf4+ 27. Ke3 Rxe7 28. e5 Nh5 29. Bxg6 Rxe5+ 30. Be4+ Ng7 31. Rad1 f5 32. Rg2 fxe4 33. Rdg1 Rf3+ 34. Ke2 1-0

[Event "Live Chess"]
[Site "Chess.com"]
[Date "2010.12.14"]
[Round "-"]
[White "hipposcottimus"]
[Black "lantink"]
[Result "0-1"]
[CurrentPosition "2r5/1p2bk2/pP1p1p2/P2P1R2/3P1KP1/2r5/6PP/8 w - -"]
[Timezone "UTC"]
[ECO "C40"]
[ECOUrl "https://www.chess.com/openings/Kings-Pawn-Opening-Kings-Knight-McConnell-Defense-3.Bc4"]
[UTCDate "2010.12.14"]
[UTCTime "10:39:10"]
[WhiteElo "1625"]
[BlackElo "1678"]
[TimeControl "60"]
[Termination "lantink won on time"]
[StartTime "10:39:10"]
[EndDate "2010.12.14"]
[EndTime "10:41:26"]
[Link "https://www.chess.com/game/live/77169539"]

1. e4 e5 2. Nf3 Qf6 3. Bc4 d6 4. Nc3 c6 5. b4 Qg6 6. b5 c5 7. Nd5 Kd8 8. d3 Bd7 9. Bg5+ Kc8 10. b6 a6 11. Nc7 Nc6 12. a4 Rb8 13. a5 Nd4 14. Nxd4 cxd4 15. Bh4 Bc6 16. Bg3 Kd7 17. c3 dxc3 18. Bd5 Bxd5 19. Nxd5 h5 20. Qa4+ Ke6 21. Nc7+ Ke7 22. Nd5+ Ke6 23. Nc7+ Ke7 24. Qc4 Rc8 25. Qxc3 h4 26. Nd5+ Kd7 27. Qd2 hxg3 28. fxg3 Nf6 29. O-O Nxd5 30. exd5 Be7 31. Qf2 f6 32. d4 e4 33. Qf5+ Qxf5 34. Rxf5 Ke8 35. Re1 Kf7 36. Rxe4 Rhg8 37. Ref4 g6 38. g4 gxf5 39. Rxf5 Rc1+ 40. Kf2 Rgc8 41. Ke3 R1c2 42. Kf4 R2c3 0-1

[Event "Live Chess"]
[Site "Chess.com"]
[Date "2010.12.14"]
[Round "-"]
[White "hipposcottimus"]
[Black "likeeloy"]
[Result "0-1"]
[CurrentPosition "5bk1/6pp/p1p1p3/8/2P5/P7/3r1qPP/7K b - -"]
[Timezone "UTC"]
[ECO "B20"]
[ECOUrl "https://www.chess.com/openings/Sicilian-Defense"]
[UTCDate "2010.12.14"]
[UTCTime "10:36:56"]
[WhiteElo "1635"]
[BlackElo "1547"]
[TimeControl "60"]
[Termination "likeeloy won by resignation"]
[StartTime "10:36:56"]
[EndDate "2010.12.14"]
[EndTime "10:38:39"]
[Link "https://www.chess.com/game/live/77169099"]

1. e4 c5 2. Bb5 a6 3. Be2 e6 4. Nf3 b5 5. c4 Bb7 6. d3 bxc4 7. dxc4 Bxe4 8. Nc3 Qa5 9. O-O Bxf3 10. Bxf3 Nc6 11. Ne4 Qc7 12. Nd6+ Bxd6 13. Bxc6 dxc6 14. Be3 Ne7 15. f4 O-O 16. Bd2 Rad8 17. a3 Nf5 18. Qc1 Nd4 19. b4 Ne2+ 20. Kh1 Nxc1 21. Raxc1 e5 22. bxc5 Bxc5 23. fxe5 Rxd2 24. e6 fxe6 25. Rxf8+ Bxf8 26. Rf1 Qe5 27. Kg1 Qe2 28. Rf2 Qxf2+ 29. Kh1 0-1

[Event "Live Chess"]
[Site "Chess.com"]
[Date "2010.12.14"]
[Round "-"]
[White "hipposcottimus"]
[Black "sorinturturea"]
[Result "0-1"]
[CurrentPosition "5r2/p4pk1/1p3qp1/3p1RNp/8/6Q1/PP3PPP/n1r3K1 w - -"]
[Timezone "UTC"]
[ECO "B00"]
[ECOUrl "https://www.chess.com/openings/Owens-Defense-2.d4-Bb7"]
[UTCDate "2010.12.14"]
[UTCTime "10:34:45"]
[WhiteElo "1644"]
[BlackElo "1591"]
[TimeControl "60"]
[Termination "sorinturturea won by checkmate"]
[StartTime "10:34:45"]
[EndDate "2010.12.14"]
[EndTime "10:36:18"]
[Link "https://www.chess.com/game/live/77168647"]

1. e4 b6 2. d4 Bb7 3. d5 c6 4. c4 cxd5 5. cxd5 d6 6. Nc3 e6 7. Nf3 exd5 8. exd5 Nf6 9. Be2 Be7 10. O-O O-O 11. Re1 Nbd7 12. Bd3 Nc5 13. Bc2 Nxd5 14. Nxd5 Bxd5 15. Qxd5 Rc8 16. Qh5 g6 17. Qh3 Bf6 18. Ng5 h5 19. Nf3 Ne6 20. Bh6 Bg7 21. Bxg7 Kxg7 22. Qg3 Nd4 23. Nd2 Nxc2 24. Ne4 d5 25. Ng5 Qf6 26. Re5 Nxa1 27. Rf5 Rc1# 0-1

[Event "Live Chess"]
[Site "Chess.com"]
[Date "2010.12.14"]
[Round "-"]
[White "sorinturturea"]
[Black "hipposcottimus"]
[Result "1-0"]
[CurrentPosition "3r2k1/ppp2pp1/7p/7P/2P2PP1/nP6/P3K3/8 b - f3"]
[Timezone "UTC"]
[ECO "C55"]
[ECOUrl "https://www.chess.com/openings/Italian-Game-Two-Knights-Defense-4.O-O"]
[UTCDate "2010.12.14"]
[UTCTime "10:32:36"]
[WhiteElo "1580"]
[BlackElo "1653"]
[TimeControl "60"]
[Termination "sorinturturea won on time"]
[StartTime "10:32:36"]
[EndDate "2010.12.14"]
[EndTime "10:34:27"]
[Link "https://www.chess.com/game/live/77168164"]

1. e4 e5 2. Nf3 Nc6 3. Bc4 Nf6 4. O-O d5 5. exd5 Nxd5 6. Re1 Be6 7. d4 Na5 8. Bxd5 Qxd5 9. Rxe5 Bd6 10. Rxd5 Bxd5 11. b3 O-O 12. c4 Bxf3 13. Qxf3 Nc6 14. Bf4 Nxd4 15. Qg4 Bxf4 16. Qxf4 Ne2+ 17. Kf1 Nxf4 18. Nd2 Ng6 19. Nf3 Rfd8 20. Re1 Rd7 21. g3 Rad8 22. h4 Rd1 23. h5 Rxe1+ 24. Kxe1 Ne7 25. g4 Nc6 26. Ke2 Nd4+ 27. Kd3 Nxf3+ 28. Ke3 Ng5 29. Kf4 h6 30. Kg3 Ne4+ 31. Kf3 Nd2+ 32. Ke3 Nb1 33. Ke2 Na3 34. f4 1-0

[Event "Live Chess"]
[Site "Chess.com"]
[Date "2010.12.14"]
[Round "-"]
[White "hipposcottimus"]
[Black "sorinturturea"]
[Result "1-0"]
[CurrentPosition "r1b1r2k/3p1pQ1/3Bp3/2p1P3/p2P1P2/P6P/7P/6RK b - -"]
[Timezone "UTC"]
[ECO "B30"]
[ECOUrl "https://www.chess.com/openings/Sicilian-Defense-Nyezhmetdinov-Rossolimo-Attack-3...e6-4.Bxc6-bxc6"]
[UTCDate "2010.12.14"]
[UTCTime "10:30:18"]
[WhiteElo "1662"]
[BlackElo "1569"]
[TimeControl "60"]
[Termination "hipposcottimus won by checkmate"]
[StartTime "10:30:18"]
[EndDate "2010.12.14"]
[EndTime "10:32:17"]
[Link "https://www.chess.com/game/live/77167650"]

1. e4 c5 2. Nf3 Nc6 3. Bb5 e6 4. Bxc6 bxc6 5. Nc3 a6 6. d4 cxd4 7. Nxd4 Nf6 8. O-O Bc5 9. f4 O-O 10. e5 Nd5 11. Kh1 Nxc3 12. bxc3 Bxd4 13. cxd4 Qb6 14. c3 Qc7 15. Ba3 Re8 16. Bd6 Qb6 17. Rb1 Qa5 18. a3 Qxc3 19. Rb3 Qc4 20. Rh3 a5 21. Rg1 a4 22. Qh5 h6 23. Rg3 Qd3 24. Qxh6 Qh7 25. Qg5 Kh8 26. Rh3 Qxh3 27. gxh3 c5 28. Qxg7# 1-0

[Event "Live Chess"]
[Site "Chess.com"]
[Date "2010.12.14"]
[Round "-"]
[White "sorinturturea"]
[Black "hipposcottimus"]
[Result "0-1"]
[CurrentPosition "r3k2r/ppp3pp/4q3/3Qp1B1/5N2/2N5/PPP2KPP/R3R3 w kq -"]
[Timezone "UTC"]
[ECO "C55"]
[ECOUrl "https://www.chess.com/openings/Italian-Game-Two-Knights-Defense-4.O-O"]
[UTCDate "2010.12.14"]
[UTCTime "10:28:05"]
[WhiteElo "1575"]
[BlackElo "1656"]
[TimeControl "60"]
[Termination "hipposcottimus won on time"]
[StartTime "10:28:05"]
[EndDate "2010.12.14"]
[EndTime "10:30:01"]
[Link "https://www.chess.com/game/live/77167239"]

1. e4 e5 2. Nf3 Nc6 3. Bc4 Nf6 4. O-O d5 5. exd5 Nxd5 6. Re1 f6 7. d4 Nb6 8. Bb3 Bd6 9. dxe5 fxe5 10. Bg5 Qd7 11. Nc3 Nd4 12. Nxd4 Bc5 13. Ne6 Bxf2+ 14. Kxf2 Qf7+ 15. Nf4 Be6 16. Bxe6 Nd5 17. Qxd5 Qxe6 0-1